 Dungeon Crawl Stone Soup version 0.30-a0-457-g4b7bca3bfa (webtiles) character file.

Game seed: 16210599153683832548

88 bande the Trooper (level 4, 0/29 HPs)
             Began as a Gargoyle Fighter on Dec 13, 2022.
             Slain by a kobold
             ... wielding a +0 short sword
              (3 damage)
             ... on level 3 of the Dungeon.
             The game lasted 00:03:46 (1800 turns).

bande the Trooper (Gargoyle Fighter)                Turns: 1800, Time: 00:03:48

Health: 0/29       AC: 13    Str: 19    XL:     4   Next: 53%
Magic:  4/4        EV:  9    Int:  9    God:
Gold:   100        SH:  4    Dex: 11    Spells: 3/3 levels left

rFire   . . .      SeeInvis .    a - +0 war axe
rCold   . . .      Faith    +    c - +0 buckler
rNeg    + . .      Spirit   .    b - +0 scale mail
rPois   ∞          Reflect  .    (no helmet)
rElec   +          Harm     .    g - +0 cloak
rCorr   .          Rampage  .    (no gloves)
Will    .....                    v - +1 pair of boots
Stlth   ..........               k - amulet of faith
HPRegen 0.24/turn                (no ring)
MPRegen 0.09/turn                (no ring)

@: attractive
A: sickness immunity, AC +3, negative energy resistance 1, electricity
resistance, torment resistance 1, petrification resistance
a: no special abilities


You were on level 3 of the Dungeon.
You visited 1 branch of the dungeon, and saw 3 of its levels.

You collected 100 gold pieces.

Inventory:

Hand Weapons
 a - a +0 war axe (weapon)
Armour
 b - a +0 scale mail (worn)
 c - a +0 buckler (worn)
 g - a +0 cloak (worn)
 p - a +0 ring mail of cold resistance
 v - a +1 pair of boots (worn)
Jewellery
 k - an amulet of faith (around neck)
Scrolls
 f - 2 scrolls of teleportation
Potions
 d - a potion of might
 e - a potion of flight
 o - a potion of haste {unknown}
 r - a potion of ambrosia {unknown}


   Skills:
 + Level 4.0 Fighting
 + Level 3.0 Axes
 + Level 3.8 Armour
 + Level 3.7 Shields


You had 3 spell levels left.
You didn't know any spells.
Your spell library was empty.

Dungeon Overview and Level Annotations

Branches:
Dungeon (3/15)

Altars:


Innate Abilities, Weirdness & Mutations

You are immune to sickness and miasma.
Your stone body is resilient. (AC +3)
You are immune to poison.
You resist negative energy. (rN+)
You are resistant to electric shocks. (rElec)
You are resistant to unholy torment.
You are immune to petrification.


Message History

The orc hits you with a +0 short sword.
* * * LOW HITPOINT WARNING * * *
The orc hits you but does no damage.
Unknown command.
You hit the orc.
You kill the orc!
You barely miss the orc priest. You hit the kobold.
You kill the kobold!
The orc priest hits you with a +0 club.
* * * LOW HITPOINT WARNING * * *
You have reached level 4!
You feel clever.
It was a potion of attraction.
You feel attractive to monsters. The kobold hits you but does no damage.
The orc priest barely misses you.
It was a potion of heal wounds.
You feel much better. You block the kobold's attack.
The orc priest calls down the wrath of Beogh upon you.
Pain shoots through your body!
* * * LOW HITPOINT WARNING * * *
Unknown command.
You barely miss the kobold. You slash the orc priest!
The kobold hits you but does no damage. The orc priest hits you with a +0 club.
* * * LOW HITPOINT WARNING * * *
The orc priest barely misses you. The kobold barely misses you.
You closely miss the kobold. You hit the orc priest.
You block the kobold's attack.
The orc priest calls down the wrath of Beogh upon you.
Pain shoots through your body!
* * * LOW HITPOINT WARNING * * *
You miss the kobold. You hit the orc priest.
You kill the orc priest!
You block the kobold's attack.
Your Fighting skill increases to level 4!
Your Axes skill increases to level 3!
Unknown command.
Unknown command.
You closely miss the kobold.
The kobold hits you with a +0 short sword.
You die...

... . #' ..##.##
##.##...#...
...........
####.#........
#.............
#....)K)......
#....@.......
##.........#.
#.....##..# .
##...).##..#..
##....!........
#.##..........#
#..............
##(...##.###.#.#
##........# .# #


You could see a kobold.

Vanquished Creatures
  An orc priest (D:3)
  An adder (D:2)
  2 dart slugs (D:1)
  2 orcs (D:3)
  4 bats
  2 endoplasms (D:1)
  3 giant cockroaches
  5 goblins (D:1)
  A hobgoblin (D:1)
  2 quokkas
  4 ball pythons
  11 frilled lizards
  4 kobolds
  3 rats
45 creatures vanquished.

Vanquished Creatures (others)
  6 plants (D:1)
6 creatures vanquished.

Grand Total: 51 creatures vanquished

Notes
Turn   | Place    | Note
-------+----------+-------------------------------------------
     0 | D:1      | bande the Gargoyle Fighter began the quest for the Orb.
     0 | D:1      | Reached XP level 1. HP: 14/14 MP: 1/1
    33 | D:1      | Reached XP level 2. HP: 16/19 MP: 2/2
   850 | D:1      | Reached XP level 3. HP: 23/23 MP: 3/3
  1794 | D:3      | HP: 1/24 [orc priest/+0 club (2)]
  1795 | D:3      | Reached XP level 4. HP: 1/29 MP: 4/4
  1800 | D:3      | Reached skill level 4 in Fighting
  1800 | D:3      | Slain by a kobold

Illustrated notes

Levels and vault maps discovered:
D:1:      saegor_arrival_simple_a, layout_basic, minmay_misc_feat_tower,
          minmay_lizard_king
D:2:      layout_rooms, minmay_misc_feat_columns
D:3:      layout_basic, mainiacjoe_overflow_six_doors_small,
          chequers_temple_overflow_minitemple, uniq_crazy_yiuf_cottage

Skill      XL: |  1  2  3  4 |
---------------+-------------+-----
Axes           | 2 3 |  3.0
Fighting       | 4 |  4.0
Armour         | |  3.8
Shields        | |  3.7

Action                   |  1- 3 |  4- 6 || total
-------------------------+-------+-------++-------
Melee: War axe           |   138 |     4 ||   142
  Use: Scroll            |    11 |       ||    11
       Potion            |       |     2 ||     2
Armor: Scale mail        |   103 |     2 ||   105
Dodge: Dodged            |    60 |     3 ||    63
Block: Buckler           |    28 |     3 ||    31

Table legend: (Time is in decaauts)
 A = Elapsed time spent in this place.
 B = Non-inter-level travel time spent in this place.
 C = Inter-level travel time spent in this place.
 D = Time resting spent in this place.
 E = Time spent auto-exploring this place.
 F = Levels seen in this place.
 G = Mean time per level.
                   A        B        C        D        E       F      G
               +--------+--------+--------+--------+--------+-----+--------+
         Total |   1860 |   1848 |     12 |      0 |   1354 |   3 |  620.0 |
       Dungeon |   1860 |   1848 |     12 |      0 |   1354 |   3 |  620.0 |
               +--------+--------+--------+--------+--------+-----+--------+

Top non-repeatable levels by time:
     D:1: 1224 daAuts
     D:2: 558 daAuts
     D:3: 77 daAuts
